 Dungeon Crawl Stone Soup version 0.20-a0-792-g09bcfd3 (webtiles) character file.

5903 4thArraOfDagon the Cruncher (level 10, -3/74 HPs)
             Began as a Mummy Gladiator on Feb 28, 2017.
             Was a Priest of Makhleb.
             Shot with an arrow by a centaur warrior (13 damage)
             ... on level 13 of the Dungeon.
             The game lasted 00:31:00 (5206 turns).

4thArraOfDagon the Cruncher (Mummy Gladiator)       Turns: 5206, Time: 00:31:01

Health: -3/74      AC: 12    Str: 17    XL:     10   Next: 53%
Magic:  13/13      EV:  9    Int: 10    God:    Makhleb [***...]
Gold:   677        SH:  0    Dex: 15    Spells: 2/9 levels left

rFire    x . .     SeeInvis .   a - +0 quarterstaff
rCold    + . .     Gourm    .   o - +0 chain mail (curse)
rNeg     + + +     Faith    +   (shield currently unavailable)
rPois    ∞         Spirit   .   c - +0 helmet
rElec    .         Reflect  .   p - +0 cloak
rCorr    .         Harm     .   (no gloves)
MR       +....                  (no boots)
Stlth    ..........             f - amulet of faith
Regen    0.3/turn               (no ring)
MPRegen  0.2/turn               (no ring)

@: no status effects
A: no food or potions, fire vulnerability, cold resistance 1, negative energy
resistance 3, torment resistance, unbreathing
a: Minor Destruction, Lesser Servant of Makhleb, Renounce Religion


You were on level 13 of the Dungeon.
You worshipped Makhleb.
Makhleb was most pleased with you.
You were not hungry.

You visited 1 branch of the dungeon, and saw 14 of its levels.

You collected 677 gold pieces.

Inventory:

Hand Weapons
 a - a +0 quarterstaff (weapon)
 n - a +2 flail of draining
 q - a +5 long sword of holy wrath
 u - a +0 dagger of protection
Armour
 b - +0 acid dragon scales
 c - a +0 helmet (worn)
 g - a +1 chain mail
 h - a +0 scale mail
 o - a cursed +0 chain mail (worn)
 p - a +0 cloak (worn)
Jewellery
 d - an uncursed ring of ice
 f - an amulet of faith (around neck)
Wands
 e - a wand of acid (0/15)
 i - a wand of paralysis (0/24)
 k - a wand of lightning (0/15)
 r - a wand of flame (11/48)
 t - a wand of iceblast (0/15)
Scrolls
 j - 2 scrolls of enchant weapon
 l - 4 scrolls of identify
 m - 2 scrolls of enchant armour
Books
 s - Sif Muna's Guide on Frigorific Clay
   (You found it on level 9 of the Dungeon)

   Spells                             Type                      Level
   a - Sandblast                      Earth                        1
   b - Freeze                         Ice                          1
   c - Passwall                       Transmutation/Earth          2
   d - Lee's Rapid Deconstruction     Earth                        5
   e - Simulacrum                     Ice/Necromancy               6
Miscellaneous
 v - a phantom mirror


   Skills:
 + Level 5.2 Fighting
 * Level 9.9 Staves
 - Level 1.5 Throwing
 - Level 5.4 Armour
 - Level 5.2 Dodging
 - Level 4.3 Invocations


You had 2 spell levels left.
You knew the following spells:

 Your Spells              Type           Power        Failure   Level  Hunger
a - Blink                 Tloc           N/A          100%        2    N/A
b - Mephitic Cloud        Conj/Pois/Air  #.......     100%        3    N/A
c - Passwall              Tmut/Erth      #.........   100%        2    N/A

Dungeon Overview and Level Annotations

Branches:
Dungeon (14/15)            Temple (0/1) D:7
   Lair: D:8-11         Orc: D:9-12      Vaults: D:13-14

Altars:
Dithmenos
Makhleb
Qazlal

Shops:
D:5 !

Portals:
Trove: D:13 (give 21 scrolls of identify)

Annotations:
D:2 Robin
D:3 sankara's ghost, amateur BaFi
D:4 sankara's ghost, amateur BaFi
D:8 Grum
D:14 Agnes


Innate Abilities, Weirdness & Mutations

You do not eat or drink.
Your flesh is vulnerable to fire.
You are immune to poison.
Your flesh is cold resistant. (rC+)
You are immune to negative energy. (rN+++)
You are immune to unholy pain and torment.
You can survive without breathing.


Message History

The hippogriff barely misses your neqoxec.
The hippogriff pecks your neqoxec but does no damage.
The hippogriff claws your neqoxec.
Your neqoxec hits the hippogriff!
Unknown command.
The hippogriff bites your neqoxec.
The hippogriff closely misses your neqoxec.
The hippogriff claws your neqoxec.
Your neqoxec hits the hippogriff!
The hippogriff dies!
Makhleb accepts your kill.
Unknown command.
The centaur warrior shoots an arrow.
The arrow hits you.
* * * LOW HITPOINT WARNING * * *
Your neqoxec hits the centaur warrior.
You see here an arrow.
Unknown command.
Unknown command.
Unknown command.
Unknown command.
The centaur warrior shoots an arrow.
The arrow hits you!
You die...

######........................#
#..#########..#########..#
######..# #[.#########..#
........#########.............#
..............................#
..(............)>.............#
#####.##########.###########..#
#.# #.# #..#
#####.##########@###########..#
......(.3c....(...............#
######...########...#########.#
#...########...# #.#
.................#########†#
...........o...>.............#
#####..#######...###########..#
#..# #...# #..# ...#
####...###########..#


You could see a centaur warrior.

Vanquished Creatures
  A two-headed ogre (D:13)
  A deep elf mage (D:12)
  An ugly thing (D:11)
  2 hippogriffs (D:10)
  Sigmund (D:6)
  3 wyverns
  A hungry ghost (D:10)
  An eye of draining (D:13)
  A phantom (D:11)
  3 ice beasts
  A necrophage (D:13)
  3 ogres
  2 centaurs
  6 bullfrogs
  2 big kobolds
  2 scorpions
  3 killer bees (D:13)
  A wight (D:10)
  8 crimson imps
  A quasit (D:10)
  3 centaur skeletons
  A hound (D:10)
  2 orc wizards
  2 jellies
  6 worker ants
  A bullfrog skeleton (D:7)
  2 iguanas
  A howler monkey zombie (D:6)
  A worker ant zombie (D:9)
  7 adders
  2 shadow imps
  2 worms
  3 dart slugs
  8 orcs
  5 giant cockroaches
  7 goblins
  5 hobgoblins
  10 jackals
  4 quokkas
  A ball python (D:2)
  4 bats
  4 frilled lizards
  3 kobolds
  A leopard gecko skeleton (D:9)
  7 rats
136 creatures vanquished.

Vanquished Creatures (collateral kills)
  A centaur warrior (D:13)
  A hippogriff (D:13)
  An acid dragon (D:13)
  A wyvern skeleton (D:13)
4 creatures vanquished.

Grand Total: 140 creatures vanquished

Notes
Turn   | Place    | Note
-------+----------+-------------------------------------------
     0 | D:1      | 4thArraOfDagon the Mummy Gladiator began the quest for the Orb.
     0 | D:1      | Reached XP level 1. HP: 16/16 MP: 1/1
   221 | D:1      | Reached XP level 2. HP: 13/22 MP: 2/2
   380 | D:2      | Reached XP level 3. HP: 20/28 MP: 3/3
   386 | D:2      | Reached skill level 3 in Staves
   492 | D:2      | Noticed Robin
   751 | D:3      | Noticed sankara's ghost (amateur BaFi)
   792 | D:4      | Found a burning altar of Makhleb.
   812 | D:4      | Became a worshipper of Makhleb the Destroyer
   817 | D:4      | Reached skill level 1 in Armour
   817 | D:4      | Reached XP level 4. HP: 25/34 MP: 4/4
   886 | D:4      | Noticed sankara's ghost (amateur BaFi)
   935 | D:5      | Entered Level 5 of the Dungeon
   987 | D:6      | Noticed an orc warrior
  1057 | D:5      | Found Noewk's Distillery.
  1110 | D:5      | Reached XP level 5. HP: 40/40 MP: 5/5
  1112 | D:5      | Noticed an ice beast
  1128 | D:5      | Killed an ice beast
  1128 | D:5      | Reached skill level 4 in Staves
  1177 | D:5      | Reached XP level 6. HP: 42/47 MP: 6/6
  1462 | D:6      | Found a shadowy altar of Dithmenos.
  1725 | D:8      | Noticed Grum
  1771 | D:7      | Found a staircase to the Ecumenical Temple.
  1800 | D:6      | Reached * piety under Makhleb
  1811 | D:6      | Reached skill level 5 in Staves
  1811 | D:6      | Reached XP level 7. HP: 38/52 MP: 7/7
  1815 | D:6      | Noticed Sigmund
  1822 | D:6      | Killed Sigmund
  1907 | D:8      | Noticed a wyvern
  1922 | D:8      | Killed a wyvern
  1947 | D:9      | Found a stormy altar of Qazlal.
  2028 | D:10     | Entered Level 10 of the Dungeon
  2028 | D:10     | Noticed a hippogriff
  2076 | D:9      | Noticed a two-headed ogre
  2172 | D:8      | Reached skill level 6 in Staves
  2172 | D:8      | Reached XP level 8. HP: 57/58 MP: 8/8
  2409 | D:6      | You fall through a shaft!
  2780 | D:9      | Identified Sif Muna's Guide on Frigorific Clay
  2816 | D:10     | Noticed a hippogriff
  2833 | D:10     | Killed a hippogriff
  2833 | D:10     | Reached skill level 1 in Invocations
  2844 | D:10     | Noticed a gargoyle
  2979 | D:10     | Reached ** piety under Makhleb
  3089 | D:12     | Reached skill level 5 in Dodging
  3129 | D:12     | Noticed a deep elf mage
  3156 | D:12     | Killed a deep elf mage
  3156 | D:12     | Reached skill level 7 in Staves
  3156 | D:12     | Reached XP level 9. HP: 64/64 MP: 10/10
  3182 | D:12     | Noticed a kobold demonologist
  3307 | D:12     | Noticed a freezing wraith
  3307 | D:12     | Noticed a phantasmal warrior
  3489 | D:13     | Noticed a two-headed ogre
  3503 | D:13     | Killed a two-headed ogre
  3503 | D:13     | Reached skill level 8 in Staves
  3503 | D:13     | Reached skill level 5 in Armour
  3572 | D:13     | Found a portal to a secret trove of treasure.
  3654 | D:13     | Noticed a white ugly thing
  3676 | D:13     | Noticed a centaur warrior
  3682 | D:13     | HP: 2/64 [centaur warrior/arrow (17)]
  3684 | D:13     | Noticed a skeletal warrior
  3702 | D:13     | Noticed a skeletal warrior
  3711 | D:12     | Paralysed by an orc wizard for 3 turns
  4078 | D:12     | Noticed a four-headed hydra
  4371 | D:11     | Reached XP level 10. HP: 69/70 MP: 13/13
  4454 | D:10     | Learned a level 2 spell: Blink
  4458 | D:10     | Learned a level 3 spell: Mephitic Cloud
  4461 | D:10     | Learned a level 2 spell: Passwall
  4500 | D:10     | Reached skill level 9 in Staves
  4710 | D:11     | Noticed a green ugly thing
  4728 | D:11     | Killed a green ugly thing
  4728 | D:11     | Reached *** piety under Makhleb
  4962 | D:11     | You fall through a shaft for 3 floors!
  5002 | D:14     | Noticed Agnes
  5110 | D:13     | Killed a centaur warrior
  5110 | D:13     | Reached skill level 5 in Fighting
  5165 | D:13     | Noticed a centaur warrior
  5206 | D:13     | Shot with an arrow by a centaur warrior

Vault maps used:
D:1:      wheals_arrival_linesprint, minmay_rat_gold_closets
D:2:      first_bread, uniq_robin
D:3:      lemuel_crystal_altar, portal_sewer_entry_e
D:4:      nicolae_overflow_crystal_walls, serial_shops, shop
D:5:      lightli_temple_of_fire, serial_shops, nicolae_shop_statue_plus,
          hex_intersection, grunt_ministairs_9
D:6:      small_statue_intersection, kennysheep_nondescript,
          minmay_misc_feat_iff, minmay_misc_feat_hallway,
          nicolae_dithmenos_shadow_blocks, uniq_sigmund,
          uniq_crazy_yiuf_cottage, uniq_grinder
D:7:      slow_altar_2, minmay_temple_entry_mist
D:8:      kennysheep_mini, blue_anna_alchemist, fountainhead, led_sif_pool,
          uniq_grum
D:9:      kennysheep_little_box, erik_lair_orcish_takeover, serial_shops, shop,
          patterned_corridor
D:11:     portal_ice_cave_entry_pillars_1
D:12:     minmay_orc_entry_temple_small, kennysheep_generic_room_14
D:13:     enter_trove_6
D:14:     david_vaults_5, nrook_mini_backslash, uniq_agnes

Skill      XL: |  1  2  3  4  5  6  7  8  9 10 |
---------------+-------------------------------+-----
Staves         | 3 4 5 6 7 8 9 |  9.9
Armour         | 1 2 3 4 5 |  5.4
Dodging        | 3 4 5 |  5.2
Fighting       | 3 5 |  5.2
Invocations    | 2 4 |  4.3
Throwing       | |  1.5

Action                   |  1- 3 |  4- 6 |  7- 9 | 10-12 || total
-------------------------+-------+-------+-------+-------++-------
Melee: Quarterstaff      |   106 |   158 |   281 |   181 ||   726
Throw: Throwing net      |     4 |     1 |     1 |       ||     6
Invok: Minor Destruction |       |       |    18 |     8 ||    26
       Lesser Servant of |       |       |       |     6 ||     6
Evoke: Wand              |       |     8 |    19 |     2 ||    29
  Use: Scroll            |     4 |     4 |     9 |     3 ||    20
 Stab: Held in net/web   |     3 |       |       |       ||     3
       Paralysed         |       |       |       |    10 ||    10
Armor: Scale mail        |    44 |       |       |       ||    44
       Leather armour    |     1 |       |       |       ||     1
       Chain mail        |     3 |   102 |   141 |   119 ||   365
Dodge: Dodged            |    66 |    51 |   131 |    87 ||   335
